Ice Dragons vs Demolitions (R1)

Created - December 3, 2017 at 00:12

Goals
1 2 3 OT1 SO T
Ice Dragons 1 3 0 0 2 5
Demolitions 0 1 3 0 0 4
Shots
1 2 3 OT1 SO T
Ice Dragons 7 11 9 1 3 28
Demolitions 7 7 13 0 2 27

1st period

1. Ice Dragons , Petr Vrana 12 (Tyler Haskins 10, Kevin Connauton 7) at 9:10 (PP)

Penalties :
Petr Vrana (Kin) for Roughing (Minor) at 4:02, Seth Helgeson (Vic) for Hooking (Minor) at 8:38, Ryan Reaves (Kin) for Hooking (Minor) at 10:15

2nd period

2. Demolitions , Corban Knight 6 (Seth Helgeson 3, Frazer Mclaren 3) at 0:36
3. Ice Dragons , Joe Callahan 1 (Tyler Haskins 11) at 1:30 (PP)
4. Ice Dragons , Curtis Glencross 14 (Troy Brouwer 11) at 4:16 (SH)
5. Ice Dragons , Tyler Haskins 5 (Petr Vrana 7) at 19:03 (PP)

Penalties :
Mike Sauer (Vic) for Tripping (Minor) at 0:55, Petr Vrana (Kin) for Roughing (Minor) at 3:52, Mike Sauer (Vic) for Roughing (Minor) at 12:22, Martins Karsums (Vic) for Hooking (Minor) at 18:32, Troy Brouwer (Kin) for Delaying the game (Minor) at 19:54

3rd period

6. Demolitions , Martins Karsums 13 (Ryan Bayda 17, Andrew Campbell 4) at 5:45
7. Demolitions , Darren Helm 6 (Ryan Bayda 18, Martins Karsums 18) at 6:58
8. Demolitions , Bobby Butler 4 (Erik Condra 9, Nicolas Blanchard 10) at 9:03

Penalties :
Michael Latta (Kin) for Roughing (Minor) at 7:01, Michael Latta (Kin) for High sticking (Minor) at 9:25, Logan MacMillan (Kin) for Holding (Minor) at 15:33, Brendon Nash (Vic) for Hooking (Minor) at 17:42

Overtime #1

No Goal

Penalties :
No Penalty

Shootout

Penalty Shot by Curtis Glencross for Ice Dragons - Goal!
Penalty Shot by Darren Helm for Demolitions - Stopped by Anders Nilsson
Penalty Shot by Troy Brouwer for Ice Dragons - Stopped by Olivier Roy
Penalty Shot by Ryan Bayda for Demolitions - Stopped by Anders Nilsson
Penalty Shot by Michael Latta for Ice Dragons - Goal!

Penalties :
No Penalty

Goalie Stats

Anders Nilsson (Kin), 23 saves from 27 shots - (0.852), W, 11-9-0, 65:00 minutes
Joe Cannata (Vic), 11 saves from 15 shots - (0.733), 39:03 minutes
Olivier Roy (Vic), 13 saves from 13 shots - (1.000), OTL, 1-2-2, 25:57 minutes

Players Stats for Ice Dragons

Player Name              G  A  P  +/- PIM S  H  SB GA TA FO     MP     PP MP  PK MP  
------------------------------------------------------------------------------------
Andrej Nestrasil         0  0  0  -1  0   2  3  0  0  0  3/9    14:24   0:07   0:00 
Brandon Kozun            0  0  0  -1  0   3  1  0  1  0  2/2    12:40   0:04   0:00 
Curtis Glencross         1  0  1  -1  0   4  3  2  0  2  4/13   26:51   3:00   7:45 
Ian Cole                 0  0  0  -3  0   0  0  4  0  0  0/0    29:59   3:18   8:49 
Joe Callahan             1  0  1  -3  0   5  1  3  0  3  0/0    31:00   3:18   8:49 
Justin Faulk             0  0  0   0  0   1  2  0  1  1  0/0    16:36   2:18   0:00 
Kevin Connauton          0  1  1   0  0   1  0  0  1  1  0/0    23:47   2:18   5:04 
Logan MacMillan          0  0  0  -1  2   2  0  0  0  0  0/0    13:42   0:04   0:00 
Michael Chaput           0  0  0  -2  0   0  3  0  0  0  2/2    11:30   0:00   4:19 
Michael Ferland          0  0  0  -1  0   0  1  0  0  0  0/0     8:15   0:00   2:16 
Michael Latta            0  0  0  -2  4   2  1  0  0  4  7/18   19:08   3:00   3:31 
Michael Stone            0  0  0   0  0   1  0  0  0  0  0/0    18:39   0:00   5:04 
Petr Vrana               1  1  2  -1  4   1  4  1  0  0  0/1    19:11   2:32   3:24 
Ryan Reaves              0  0  0   0  2   0  1  1  0  0  1/2    14:00   2:29   0:00 
Sam Carrick              0  0  0   0  0   0  0  0  0  0  0/0     0:00   0:00   0:00 
Samuel Groulx            0  0  0   0  0   0  0  0  0  0  0/0     9:59   0:00   0:00 
Troy Brouwer             0  1  1   0  2   2  3  0  0  0  3/5    22:44   3:00   6:31 
Tyler Haskins            1  2  3   0  0   4  2  0  1  0  4/5    13:35   2:32   0:00 

Players Stats for Demolitions

Player Name              G  A  P  +/- PIM S  H  SB GA TA FO     MP     PP MP  PK MP  
------------------------------------------------------------------------------------
Alex Hutchings           0  0  0   0  0   0  0  0  0  0  2/4     4:50   0:16   2:05 
Andrew Campbell          0  1  1   2  0   1  0  1  1  1  0/0    22:13   4:30   2:16 
Billy Sweat              0  0  0   0  0   1  0  0  0  0  0/0     6:30   0:00   0:00 
Bobby Butler             1  0  1   1  0   2  1  0  0  1  0/0    17:31   5:30   0:40 
Brandon McMillan         0  0  0   0  0   0  2  0  0  0  3/5     6:30   0:00   0:00 
Brendon Nash             0  0  0   0  2   2  0  2  3  0  0/0    31:07   9:23   2:30 
Corban Knight            1  0  1   1  0   3  1  0  0  0  2/4    12:52   0:00   0:56 
Darren Helm              1  0  1   1  0   2  1  0  1  0  14/26  21:04   8:03   1:20 
Erik Condra              0  1  1   1  0   5  1  0  0  0  0/0    16:51   5:30   0:00 
Frazer Mclaren           0  1  1   1  0   0  3  0  0  1  0/1    10:33   0:00   0:00 
Jack Skille              0  0  0   1  0   2  1  0  1  0  0/0    11:31   0:20   0:00 
Josh Beaulieu            0  0  0   0  0   0  0  0  1  0  1/1     4:35   0:49   0:46 
Martins Karsums          1  1  2   1  2   3  3  0  1  1  2/4    19:47   5:11   1:56 
Mike Sauer               0  0  0   0  4   1  3  0  1  0  0/0    28:19   9:23   1:21 
Mitchell Moroz           0  0  0   0  0   0  0  0  0  0  0/0     0:11   0:00   0:00 
Nick Pryor               0  0  0   0  0   0  0  0  0  0  0/0     2:30   0:00   0:47 
Nicolas Blanchard        0  1  1   1  0   0  3  0  0  0  5/9    16:51   5:30   0:00 
Robert Bortuzzo          0  0  0   1  0   0  0  1  0  0  0/0    10:52   0:00   0:00 
Ryan Bayda               0  2  2   1  0   3  2  0  2  0  1/2    25:10   8:03   3:27 
Ryan Olsen               0  0  0   0  0   0  0  0  0  0  0/0     0:12   0:00   0:02 
Ryan Russell             0  0  0   0  0   0  0  0  0  0  1/1     9:10   2:27   0:00 
Seth Helgeson            0  1  1   2  2   2  0  2  0  0  0/0    21:37   4:30   1:44 
Taylor Aronson           0  0  0   1  0   0  0  0  0  0  0/0    13:33   0:00   2:34 
Thomas DiPauli           0  0  0   0  0   0  0  0  0  0  0/0     0:00   0:00   0:00 
Vince Rocco              0  0  0   0  0   0  0  0  0  0  0/0     0:00   0:00   0:00 

3 Stars

1 - Tyler Haskins (Kin)
2 - Martins Karsums (Vic)
3 - Ryan Bayda (Vic)

Power Play

Ice Dragons - 3 on 5 Attempt(s) - 60.00%
Demolitions - 0 on 7 Attempt(s) - 0.00%

Penalty Kill

Ice Dragons - 7 on 7 Attempt(s) - 100.00% - Score 1 goal in Penalty Kill
Demolitions - 2 on 5 Attempt(s) - 40.00% - Score 0 goal in Penalty Kill

Team Stat

Ice Dragons - Hits : 25 - Faceoff Wins : 26 - Blocked Shots : 11 - Penalty Minutes : 14
Demolitions - Hits : 21 - Faceoff Wins : 31 - Blocked Shots : 6 - Penalty Minutes : 10

Official

Referees : StPierre Justin and Kimmerly Greg
Linesman : Scott Cherrey and Brad Kovachik

Game Notes

Olivier Roy enters game at 19:03 of 2nd period
Martins Karsums is injured at 8:27 of 3rd period (Right Forearm)

Finance

Level 1 -- Attendance: 1305 (65.25%) -- Ticket Income $52,200
Level 2 -- Attendance: 665 (66.50%) -- Ticket Income $13,300
Total Attendance: 1970 (65.67%)
Total Ticket Income: $65,500
Other Income: $3,275
Total Income: $68,775

Ice Dragons

5 vs 5 Forward 
   Center                   Left Wing                Right Wing               Time % Phy DF OF 
 1 Michael Latta            Curtis Glencross         Troy Brouwer             40     1   2  2  
 2 Tyler Haskins            Petr Vrana               Ryan Reaves              30     1   2  2  
 3 Andrej Nestrasil         Logan MacMillan          Brandon Kozun            20     1   2  2  
 4 Michael Chaput           Michael Ferland          Curtis Glencross         10     1   2  2  

5 vs 5 Defense 
   Defense                  Defense                                           Time % Phy DF OF 
 1 Joe Callahan             Ian Cole                                          40     1   2  2  
 2 Kevin Connauton          Justin Faulk                                      30     1   2  2  
 3 Michael Stone            Samuel Groulx                                     20     1   2  2  
 4 Michael Stone            Joe Callahan                                      10     1   2  2  

PowerPlay Forward 
   Center                   Left Wing                Right Wing               Time % Phy DF OF 
 1 Michael Latta            Curtis Glencross         Troy Brouwer             60     0   2  3  
 2 Tyler Haskins            Petr Vrana               Ryan Reaves              40     0   2  3  

PowerPlay Defense
   Defense                  Defense                                           Time % Phy DF OF 
 1 Joe Callahan             Ian Cole                                          60     0   2  3  
 2 Kevin Connauton          Justin Faulk                                      40     0   2  3  

Penalty Kill 4 Players Forward 
   Center                   Wing                     Time % Phy DF OF 
 1 Curtis Glencross         Troy Brouwer             60     1   4  0  
 2 Michael Latta            Petr Vrana               40     1   4  0  

Penalty Kill 4 Players Defense
   Defense                  Defense                  Time % Phy DF OF 
 1 Joe Callahan             Ian Cole                 60     1   4  0  
 2 Kevin Connauton          Michael Stone            40     1   4  0  

Penalty Kill - 3 Players Forward 
   Forward                                           Time % Phy DF OF 
 1 Curtis Glencross                                  60     1   4  0  
 2 Troy Brouwer                                      40     1   4  0  

Penalty Kill - 3 Players Defense
   Defense                  Defense                  Time % Phy DF OF 
 1 Joe Callahan             Ian Cole                 60     1   4  0  
 2 Kevin Connauton          Michael Stone            40     1   4  0  

4 vs 4 Forward 
   Center                   Wing                     Time % Phy DF OF 
 1 Curtis Glencross         Troy Brouwer             60     1   2  2  
 2 Michael Latta            Petr Vrana               40     1   2  2  

4 vs 4 Defense
   Defense                  Defense                  Time % Phy DF OF 
 1 Joe Callahan             Ian Cole                 60     1   2  2  
 2 Kevin Connauton          Michael Stone            40     1   2  2  

Last Minutes Offensive
   Center                   Left Wing                Right Wing               Defense                  Defense                  
   Michael Latta            Curtis Glencross         Troy Brouwer             Joe Callahan             Justin Faulk             

Last Minutes Defensive
   Center                   Left Wing                Right Wing               Defense                  Defense                  
   Michael Latta            Curtis Glencross         Troy Brouwer             Joe Callahan             Ian Cole                 

Goaltenders
Starting : Anders Nilsson           
Backup : Harru Sateri             

Extra Forwards
Normal : Andrej Nestrasil, Logan MacMillan, Michael Chaput - PP : Andrej Nestrasil, Logan MacMillan - PK : Michael Chaput
Extra Defensemen
Normal : Justin Faulk, Samuel Groulx, Michael Stone - PP : Michael Stone - PK : Samuel Groulx, Michael Stone
Penalty Shots
Curtis Glencross, Troy Brouwer, Michael Latta, Petr Vrana, Tyler Haskins

Scratches
Theodor Blueger (Healthy), Justin Shugg (Healthy), Chris Wagner (Healthy), Tomas Kudelka (Healthy), Christian Djoos (Healthy)
Oscar Dansk (Healthy)

Demolitions

5 vs 5 Forward 
   Center                   Left Wing                Right Wing               Time % Phy DF OF 
 1 Darren Helm              Ryan Bayda               Martins Karsums          40     1   2  2  
 2 Nicolas Blanchard        Bobby Butler             Erik Condra              30     1   2  2  
 3 Corban Knight            Frazer Mclaren           Jack Skille              20     1   2  2  
 4 Brandon McMillan         Billy Sweat              Martins Karsums          10     1   2  2  

5 vs 5 Defense 
   Defense                  Defense                                           Time % Phy DF OF 
 1 Brendon Nash             Mike Sauer                                        40     1   2  2  
 2 Seth Helgeson            Andrew Campbell                                   30     1   2  2  
 3 Robert Bortuzzo          Taylor Aronson                                    20     1   2  2  
 4 Nick Pryor               Brendon Nash                                      10     1   2  2  

PowerPlay Forward 
   Center                   Left Wing                Right Wing               Time % Phy DF OF 
 1 Darren Helm              Ryan Bayda               Martins Karsums          60     1   2  2  
 2 Nicolas Blanchard        Bobby Butler             Erik Condra              40     1   2  2  

PowerPlay Defense
   Defense                  Defense                                           Time % Phy DF OF 
 1 Brendon Nash             Mike Sauer                                        60     1   2  2  
 2 Seth Helgeson            Andrew Campbell                                   40     1   2  2  

Penalty Kill 4 Players Forward 
   Center                   Wing                     Time % Phy DF OF 
 1 Martins Karsums          Ryan Bayda               60     1   2  2  
 2 Bobby Butler             Darren Helm              40     1   2  2  

Penalty Kill 4 Players Defense
   Defense                  Defense                  Time % Phy DF OF 
 1 Brendon Nash             Mike Sauer               60     1   2  2  
 2 Seth Helgeson            Andrew Campbell          40     1   2  2  

Penalty Kill - 3 Players Forward 
   Forward                                           Time % Phy DF OF 
 1 Martins Karsums                                   60     1   2  2  
 2 Ryan Bayda                                        40     1   2  2  

Penalty Kill - 3 Players Defense
   Defense                  Defense                  Time % Phy DF OF 
 1 Brendon Nash             Mike Sauer               60     1   2  2  
 2 Seth Helgeson            Andrew Campbell          40     1   2  2  

4 vs 4 Forward 
   Center                   Wing                     Time % Phy DF OF 
 1 Martins Karsums          Ryan Bayda               60     1   2  2  
 2 Bobby Butler             Darren Helm              40     1   2  2  

4 vs 4 Defense
   Defense                  Defense                  Time % Phy DF OF 
 1 Brendon Nash             Mike Sauer               60     1   2  2  
 2 Seth Helgeson            Andrew Campbell          40     1   2  2  

Last Minutes Offensive
   Center                   Left Wing                Right Wing               Defense                  Defense                  
   Darren Helm              Ryan Bayda               Martins Karsums          Brendon Nash             Mike Sauer               

Last Minutes Defensive
   Center                   Left Wing                Right Wing               Defense                  Defense                  
   Darren Helm              Ryan Bayda               Martins Karsums          Brendon Nash             Mike Sauer               

Goaltenders
Starting : Joe Cannata              
Backup : Olivier Roy              

Extra Forwards
Normal : Ryan Russell, Josh Beaulieu, Alex Hutchings - PP : Ryan Russell, Josh Beaulieu - PK : Alex Hutchings
Extra Defensemen
Normal : Robert Bortuzzo, Taylor Aronson, Nick Pryor - PP : Robert Bortuzzo - PK : Taylor Aronson, Nick Pryor
Penalty Shots
Martins Karsums, Ryan Bayda, Bobby Butler, Darren Helm, Erik Condra

Scratches
Martins Karsums (Right Forearm Injury), Taylor Leier (Healthy), Jake Paterson (Healthy), Jussi Rynnas (Healthy)

% Time on Ice - Ice Dragons

Lines # - Real PCT - Wanted PCT - Time Play
Normal Forward
1 - 29% - 40% - 11:46
2 - 29% - 30% - 11:38
3 - 28% - 20% - 11:19
4 - 14% - 10% - 5:48
Normal Defense
1 - 39% - 40% - 15:39
2 - 34% - 30% - 13:58
3 - 25% - 20% - 9:59
4 - 2% - 10% - 0:55
PP Forward
1 - 55% - 60% - 3:04
2 - 45% - 40% - 2:32
PP Defense
1 - 59% - 60% - 3:18
2 - 41% - 40% - 2:18
PK Forward
1 - 69% - 60% - 9:31
2 - 31% - 40% - 4:22
PK Defense
1 - 64% - 60% - 8:49
2 - 36% - 40% - 5:04
PK3 Forward
1 - 0% - 60%
2 - 0% - 40%
PK3 Defense
1 - 0% - 60%
2 - 0% - 40%
44 Forward
1 - 75% - 60% - 3:44
2 - 25% - 40% - 1:16
44 Defense
1 - 51% - 60% - 2:33
2 - 49% - 40% - 2:27
Last Minute Offensive  - 0:00
Last Minute Defensive  - 0:00
Total
Forward - 65:00
Defense - 65:00

% Time on Ice - Demolitions

Lines # - Real PCT - Wanted PCT - Time Play
Normal Forward
1 - 30% - 40% - 12:07
2 - 28% - 30% - 11:21
3 - 26% - 20% - 10:33
4 - 16% - 10% - 6:30
Normal Defense
1 - 37% - 40% - 14:55
2 - 32% - 30% - 13:09
3 - 27% - 20% - 10:49
4 - 4% - 10% - 1:38
PP Forward
1 - 60% - 60% - 8:23
2 - 40% - 40% - 5:30
PP Defense
1 - 68% - 60% - 9:23
2 - 32% - 40% - 4:30
PK Forward
1 - 88% - 60% - 4:56
2 - 12% - 40% - 0:40
PK Defense
1 - 60% - 60% - 3:20
2 - 40% - 40% - 2:16
PK3 Forward
1 - 0% - 60%
2 - 0% - 40%
PK3 Defense
1 - 0% - 60%
2 - 0% - 40%
44 Forward
1 - 100% - 60% - 5:00
2 - 0% - 40% - 0:00
44 Defense
1 - 54% - 60% - 2:42
2 - 46% - 40% - 2:18
Last Minute Offensive  - 0:00
Last Minute Defensive  - 0:00
Total
Forward - 65:00
Defense - 65:00

Play by Play

1st period


0:01 of 1st period - Martins Karsums wins face-off versus Michael Latta in neutral zone.
0:09 of 1st period - Ian Cole is hit by Mike Sauer.
0:15 of 1st period - Wrist shot by Michael Latta.
0:15 of 1st period - Shot Misses the Net.
0:49 of 1st period - Wrist shot by Jack Skille.
0:49 of 1st period - Stopped by Anders Nilsson without a rebound.
0:50 of 1st period - Andrej Nestrasil wins face-off versus Corban Knight in Ice Dragons zone.
1:01 of 1st period - Kevin Connauton is hit by Frazer Mclaren and loses puck.
1:27 of 1st period - Snap shot by Curtis Glencross.
1:27 of 1st period - Shot Misses the Net.
1:30 of 1st period - Icing by Andrew Campbell.
1:31 of 1st period - Tyler Haskins wins face-off versus Brandon McMillan in Demolitions zone.
4:02 of 1st period - Minor Penalty to Petr Vrana for Roughing.
4:03 of 1st period - Curtis Glencross wins face-off versus Darren Helm in Ice Dragons zone.
4:57 of 1st period - Martins Karsums is hit by Michael Chaput and loses puck.
5:37 of 1st period - Michael Latta is hit by Mike Sauer and loses puck.
6:02 of 1st period - Penalty to Petr Vrana is over, Petr Vrana is back on ice.
6:06 of 1st period - Slapshot by Troy Brouwer.
6:06 of 1st period - Stopped by Joe Cannata with a rebound.
6:23 of 1st period - Wrist shot by Corban Knight.
6:23 of 1st period - Stopped by Anders Nilsson without a rebound.
6:24 of 1st period - Corban Knight wins face-off versus Andrej Nestrasil in Ice Dragons zone.
6:29 of 1st period - Snap shot by Jack Skille.
6:29 of 1st period - Stopped by Anders Nilsson without a rebound.
6:30 of 1st period - Brandon Kozun wins face-off versus Corban Knight in Ice Dragons zone.
7:37 of 1st period - Brendon Nash is hit by Andrej Nestrasil and loses puck.
8:38 of 1st period - Minor Penalty to Seth Helgeson for Hooking.
8:39 of 1st period - Michael Latta wins face-off versus Martins Karsums in Demolitions zone.
9:10 of 1st period - Wrist shot by Petr Vrana.
9:10 of 1st period - Goal by Petr Vrana - Ice Dragons : 1 - Demolitions : 0.
9:11 of 1st period - Nicolas Blanchard wins face-off versus Michael Latta in neutral zone.
9:42 of 1st period - Wrist shot by Erik Condra.
9:42 of 1st period - Stopped by Anders Nilsson with a rebound.
9:58 of 1st period - Snap shot by Darren Helm.
9:58 of 1st period - Deflect By Ryan Bayda.
9:58 of 1st period - Shot Blocked by Petr Vrana.
9:58 of 1st period - Puck is out of play.
9:59 of 1st period - Ryan Reaves wins face-off versus Darren Helm in Ice Dragons zone.
10:15 of 1st period - Minor Penalty to Ryan Reaves for Hooking.
10:16 of 1st period - Ryan Bayda wins face-off versus Curtis Glencross in Ice Dragons zone.
10:20 of 1st period - Snap shot by Martins Karsums.
10:20 of 1st period - Stopped by Anders Nilsson with a rebound.
11:02 of 1st period - Petr Vrana is hit by Nicolas Blanchard and loses puck.
12:15 of 1st period - Penalty to Ryan Reaves is over, Ryan Reaves is back on ice.
12:29 of 1st period - Snap shot by Corban Knight.
12:29 of 1st period - Shot Misses the Net.
12:47 of 1st period - Slapshot by Justin Faulk.
12:47 of 1st period - Stopped by Joe Cannata without a rebound.
12:48 of 1st period - Brandon McMillan wins face-off versus Andrej Nestrasil in Demolitions zone.
13:20 of 1st period - Backhand shot by Curtis Glencross.
13:20 of 1st period - Shot Misses the Net.
13:22 of 1st period - Wrist shot by Curtis Glencross.
13:22 of 1st period - Stopped by Joe Cannata with a rebound.
13:24 of 1st period - Wrist shot by Curtis Glencross.
13:24 of 1st period - Stopped by Joe Cannata with a rebound.
13:26 of 1st period - Slapshot by Curtis Glencross.
13:26 of 1st period - Deflect By Michael Chaput.
13:26 of 1st period - Shot Blocked by Brendon Nash.
13:26 of 1st period - Puck is out of play.
13:27 of 1st period - Nicolas Blanchard wins face-off versus Michael Latta in Demolitions zone.
13:32 of 1st period - Curtis Glencross is hit by Nicolas Blanchard.
14:00 of 1st period - Snap shot by Tyler Haskins.
14:00 of 1st period - Stopped by Joe Cannata with a rebound.
14:02 of 1st period - Wrist shot by Petr Vrana.
14:02 of 1st period - Shot Misses the Net.
14:35 of 1st period - Nicolas Blanchard is hit by Michael Chaput and loses puck.
15:33 of 1st period - Snap shot by Tyler Haskins.
15:33 of 1st period - Stopped by Joe Cannata with a rebound.
16:42 of 1st period - Wrist shot by Billy Sweat.
16:42 of 1st period - Stopped by Anders Nilsson with a rebound.
18:17 of 1st period - Seth Helgeson is hit by Curtis Glencross and loses puck.
18:44 of 1st period - Wrist shot by Ryan Bayda.
18:44 of 1st period - Stopped by Anders Nilsson without a rebound.
18:45 of 1st period - Brandon Kozun wins face-off versus Frazer Mclaren in Ice Dragons zone.
18:54 of 1st period - Taylor Aronson is hit by Brandon Kozun and loses puck.
Goals for this period are 1 for Ice Dragons vs 0 for Demolitions.
Shots for this period are 7 for Ice Dragons vs 7 for Demolitions.

2nd period


0:01 of 2nd period - Michael Latta wins face-off versus Darren Helm in neutral zone.
0:26 of 2nd period - Curtis Glencross is hit by Frazer Mclaren.
0:32 of 2nd period - Wrist shot by Corban Knight.
0:32 of 2nd period - Shot Blocked by Joe Callahan.
0:34 of 2nd period - Slapshot by Seth Helgeson.
0:34 of 2nd period - Deflect By Curtis Glencross.
0:34 of 2nd period - Stopped by Anders Nilsson with a rebound.
0:36 of 2nd period - Snap shot by Corban Knight.
0:36 of 2nd period - Goal by Corban Knight - Ice Dragons : 1 - Demolitions : 1.
0:37 of 2nd period - Tyler Haskins wins face-off versus Darren Helm in neutral zone.
0:52 of 2nd period - Wrist shot by Tyler Haskins.
0:52 of 2nd period - Stopped by Joe Cannata without a rebound.
0:53 of 2nd period - Nicolas Blanchard wins face-off versus Michael Latta in Demolitions zone.
0:55 of 2nd period - Minor Penalty to Mike Sauer for Tripping.
0:56 of 2nd period - Michael Latta wins face-off versus Martins Karsums in Demolitions zone.
1:04 of 2nd period - Martins Karsums is hit by Troy Brouwer and loses puck.
1:21 of 2nd period - Joe Callahan is hit by Martins Karsums and loses puck.
1:30 of 2nd period - Slapshot by Joe Callahan.
1:30 of 2nd period - Goal by Joe Callahan - Ice Dragons : 2 - Demolitions : 1.
1:31 of 2nd period - Darren Helm wins face-off versus Michael Latta in neutral zone.
2:09 of 2nd period - Snap shot by Petr Vrana.
2:09 of 2nd period - Shot Misses the Net.
3:30 of 2nd period - Bobby Butler is hit by Joe Callahan and loses puck.
3:40 of 2nd period - Icing by Seth Helgeson.
3:41 of 2nd period - Nicolas Blanchard wins face-off versus Petr Vrana in Demolitions zone.
3:41 of 2nd period - Nicolas Blanchard is hit by Tyler Haskins.
3:52 of 2nd period - Minor Penalty to Petr Vrana for Roughing.
3:53 of 2nd period - Curtis Glencross wins face-off versus Darren Helm in Ice Dragons zone.
4:06 of 2nd period - Icing by Darren Helm.
4:07 of 2nd period - Troy Brouwer wins face-off versus Darren Helm in Demolitions zone.
4:16 of 2nd period - Wrist shot by Curtis Glencross.
4:16 of 2nd period - Goal by Curtis Glencross - Ice Dragons : 3 - Demolitions : 1.
4:17 of 2nd period - Darren Helm wins face-off versus Curtis Glencross in neutral zone.
4:20 of 2nd period - Slapshot by Brendon Nash.
4:20 of 2nd period - Stopped by Anders Nilsson with a rebound.
5:52 of 2nd period - Penalty to Petr Vrana is over, Petr Vrana is back on ice.
6:00 of 2nd period - Justin Faulk is hit by Jack Skille and loses puck.
6:59 of 2nd period - Snap shot by Brandon Kozun.
6:59 of 2nd period - Stopped by Joe Cannata with a rebound.
7:01 of 2nd period - Snap shot by Michael Stone.
7:01 of 2nd period - Stopped by Joe Cannata with a rebound.
7:03 of 2nd period - Snap shot by Brandon Kozun.
7:03 of 2nd period - Shot Blocked by Robert Bortuzzo.
7:35 of 2nd period - Brandon McMillan is hit by Michael Ferland and loses puck.
7:58 of 2nd period - Tyler Haskins is hit by Martins Karsums and loses puck.
9:37 of 2nd period - Petr Vrana is hit by Brandon McMillan and loses puck.
11:26 of 2nd period - Nicolas Blanchard is hit by Ryan Reaves.
11:41 of 2nd period - Snap shot by Corban Knight.
11:41 of 2nd period - Stopped by Anders Nilsson with a rebound.
12:12 of 2nd period - Snap shot by Ryan Bayda.
12:12 of 2nd period - Deflect By Darren Helm.
12:12 of 2nd period - Stopped by Anders Nilsson without a rebound.
12:13 of 2nd period - Nicolas Blanchard wins face-off versus Tyler Haskins in Ice Dragons zone.
12:22 of 2nd period - Minor Penalty to Mike Sauer for Roughing.
12:23 of 2nd period - Martins Karsums wins face-off versus Michael Latta in Demolitions zone.
14:22 of 2nd period - Penalty to Mike Sauer is over, Mike Sauer is back on ice.
14:26 of 2nd period - Off-side.
14:27 of 2nd period - Andrej Nestrasil wins face-off versus Nicolas Blanchard in neutral zone.
14:34 of 2nd period - Snap shot by Andrej Nestrasil.
14:34 of 2nd period - Shot Blocked by Andrew Campbell.
14:42 of 2nd period - Slapshot by Andrew Campbell.
14:42 of 2nd period - Deflect By Samuel Groulx.
14:42 of 2nd period - Stopped by Anders Nilsson with a rebound.
14:52 of 2nd period - Andrew Campbell is hit by Curtis Glencross and loses puck.
15:15 of 2nd period - Martins Karsums is hit by Petr Vrana and loses puck.
16:27 of 2nd period - Samuel Groulx is hit by Nicolas Blanchard and loses puck.
16:36 of 2nd period - Mike Sauer is hit by Petr Vrana and loses puck.
16:51 of 2nd period - Curtis Glencross is hit by Ryan Bayda and loses puck.
17:39 of 2nd period - Slapshot by Joe Callahan.
17:39 of 2nd period - Stopped by Joe Cannata without a rebound.
17:40 of 2nd period - Michael Latta wins face-off versus Nicolas Blanchard in Demolitions zone.
17:45 of 2nd period - Snap shot by Troy Brouwer.
17:45 of 2nd period - Shot Blocked by Seth Helgeson.
18:27 of 2nd period - Slapshot by Kevin Connauton.
18:27 of 2nd period - Stopped by Joe Cannata with a rebound.
18:32 of 2nd period - Minor Penalty to Martins Karsums for Hooking.
18:33 of 2nd period - Alex Hutchings wins face-off versus Troy Brouwer in Demolitions zone.
18:49 of 2nd period - Off-side.
18:50 of 2nd period - Tyler Haskins wins face-off versus Alex Hutchings in neutral zone.
19:03 of 2nd period - Backhand shot by Tyler Haskins.
19:03 of 2nd period - Goal by Tyler Haskins - Ice Dragons : 4 - Demolitions : 1.
19:03 of 2nd period - Olivier Roy enters game.
19:04 of 2nd period - Darren Helm wins face-off versus Troy Brouwer in neutral zone.
19:13 of 2nd period - Slapshot by Joe Callahan.
19:13 of 2nd period - Shot Misses the Net.
19:15 of 2nd period - Wrist shot by Troy Brouwer.
19:15 of 2nd period - Stopped by Olivier Roy with a rebound.
19:17 of 2nd period - Slapshot by Joe Callahan.
19:17 of 2nd period - Deflect By Martins Karsums.
19:17 of 2nd period - Stopped by Olivier Roy without a rebound.
19:18 of 2nd period - Darren Helm wins face-off versus Michael Latta in Demolitions zone.
19:18 of 2nd period - Darren Helm is hit by Troy Brouwer.
19:24 of 2nd period - Michael Latta is hit by Martins Karsums and loses puck.
19:31 of 2nd period - Slapshot by Joe Callahan.
19:31 of 2nd period - Stopped by Olivier Roy with a rebound.
19:33 of 2nd period - Snap shot by Ian Cole.
19:33 of 2nd period - Deflect By Troy Brouwer.
19:33 of 2nd period - Shot Blocked by Brendon Nash.
19:33 of 2nd period - Puck is out of play.
19:34 of 2nd period - Tyler Haskins wins face-off versus Nicolas Blanchard in Demolitions zone.
19:47 of 2nd period - Snap shot by Bobby Butler.
19:47 of 2nd period - Stopped by Anders Nilsson with a rebound.
19:49 of 2nd period - Wrist shot by Erik Condra.
19:49 of 2nd period - Shot Misses the Net.
19:54 of 2nd period - Minor Penalty to Troy Brouwer for Delaying the game.
19:55 of 2nd period - Darren Helm wins face-off versus Curtis Glencross in Ice Dragons zone.
Goals for this period are 3 for Ice Dragons vs 1 for Demolitions.
Shots for this period are 11 for Ice Dragons vs 7 for Demolitions.

3rd period


0:01 of 3rd period - Darren Helm wins face-off versus Curtis Glencross in neutral zone.
1:54 of 3rd period - Penalty to Troy Brouwer is over, Troy Brouwer is back on ice.
2:25 of 3rd period - Off-side.
2:26 of 3rd period - Brandon McMillan wins face-off versus Ryan Reaves in neutral zone.
2:50 of 3rd period - Michael Stone is hit by Bobby Butler and loses puck.
3:01 of 3rd period - Snap shot by Erik Condra.
3:01 of 3rd period - Stopped by Anders Nilsson with a rebound.
3:03 of 3rd period - Wrist shot by Erik Condra.
3:03 of 3rd period - Shot Misses the Net.
3:29 of 3rd period - Andrej Nestrasil is hit by Frazer Mclaren and loses puck.
3:38 of 3rd period - Andrew Campbell is hit by Andrej Nestrasil and loses puck.
3:53 of 3rd period - Wrist shot by Brandon Kozun.
3:53 of 3rd period - Shot Misses the Net.
3:55 of 3rd period - Snap shot by Andrej Nestrasil.
3:55 of 3rd period - Stopped by Olivier Roy without a rebound.
3:56 of 3rd period - Darren Helm wins face-off versus Michael Latta in Demolitions zone.
4:43 of 3rd period - Jack Skille is hit by Curtis Glencross and loses puck.
5:06 of 3rd period - Curtis Glencross is hit by Brandon McMillan and loses puck.
5:28 of 3rd period - Brandon Kozun is hit by Mike Sauer and loses puck.
5:45 of 3rd period - Wrist shot by Martins Karsums.
5:45 of 3rd period - Goal by Martins Karsums - Ice Dragons : 4 - Demolitions : 2.
5:46 of 3rd period - Darren Helm wins face-off versus Michael Latta in neutral zone.
5:49 of 3rd period - Slapshot by Seth Helgeson.
5:49 of 3rd period - Stopped by Anders Nilsson with a rebound.
6:32 of 3rd period - Slapshot by Justin Faulk.
6:32 of 3rd period - Shot Misses the Net.
6:56 of 3rd period - Snap shot by Ryan Bayda.
6:56 of 3rd period - Shot Blocked by Joe Callahan.
6:58 of 3rd period - Wrist shot by Darren Helm.
6:58 of 3rd period - Goal by Darren Helm - Ice Dragons : 4 - Demolitions : 3.
6:59 of 3rd period - Michael Latta wins face-off versus Darren Helm in neutral zone.
7:01 of 3rd period - Minor Penalty to Michael Latta for Roughing.
7:02 of 3rd period - Darren Helm wins face-off versus Curtis Glencross in Ice Dragons zone.
7:02 of 3rd period - Snap shot by Ryan Bayda.
7:02 of 3rd period - Shot Misses the Net.
7:04 of 3rd period - Snap shot by Ryan Bayda.
7:04 of 3rd period - Shot Misses the Net.
7:08 of 3rd period - Wrist shot by Martins Karsums.
7:08 of 3rd period - Stopped by Anders Nilsson without a rebound.
7:09 of 3rd period - Darren Helm wins face-off versus Curtis Glencross in Ice Dragons zone.
7:10 of 3rd period - Slapshot by Ryan Bayda.
7:10 of 3rd period - Stopped by Anders Nilsson with a rebound.
7:12 of 3rd period - Wrist shot by Darren Helm.
7:12 of 3rd period - Shot Misses the Net.
8:00 of 3rd period - Wrist shot by Erik Condra.
8:00 of 3rd period - Stopped by Anders Nilsson without a rebound.
8:01 of 3rd period - Michael Chaput wins face-off versus Darren Helm in Ice Dragons zone.
8:26 of 3rd period - Martins Karsums is hit by Petr Vrana.
8:27 of 3rd period - Martins Karsums from Demolitions is injured at 8:27 of 3rd period (Right Forearm).
8:28 of 3rd period - Troy Brouwer wins face-off versus Ryan Bayda in Demolitions zone.
8:29 of 3rd period - Wrist shot by Curtis Glencross.
8:29 of 3rd period - Stopped by Olivier Roy without a rebound.
8:30 of 3rd period - Curtis Glencross wins face-off versus Darren Helm in Demolitions zone.
8:45 of 3rd period - Slapshot by Troy Brouwer.
8:45 of 3rd period - Shot Misses the Net.
9:01 of 3rd period - Penalty to Michael Latta is over, Michael Latta is back on ice.
9:03 of 3rd period - Wrist shot by Bobby Butler.
9:03 of 3rd period - Goal by Bobby Butler - Ice Dragons : 4 - Demolitions : 4.
9:04 of 3rd period - Michael Latta wins face-off versus Darren Helm in neutral zone.
9:15 of 3rd period - Slapshot by Ryan Bayda.
9:15 of 3rd period - Stopped by Anders Nilsson with a rebound.
9:17 of 3rd period - Slapshot by Mike Sauer.
9:17 of 3rd period - Shot Misses the Net.
9:19 of 3rd period - Slapshot by Mike Sauer.
9:19 of 3rd period - Shot Misses the Net.
9:25 of 3rd period - Minor Penalty to Michael Latta for High sticking.
9:26 of 3rd period - Troy Brouwer wins face-off versus Darren Helm in Ice Dragons zone.
9:35 of 3rd period - Slapshot by Mike Sauer.
9:35 of 3rd period - Stopped by Anders Nilsson without a rebound.
9:36 of 3rd period - Darren Helm wins face-off versus Curtis Glencross in Ice Dragons zone.
9:59 of 3rd period - Slapshot by Brendon Nash.
9:59 of 3rd period - Shot Blocked by Ian Cole.
10:01 of 3rd period - Slapshot by Brendon Nash.
10:01 of 3rd period - Shot Blocked by Curtis Glencross.
10:03 of 3rd period - Snap shot by Darren Helm.
10:03 of 3rd period - Shot Misses the Net.
10:05 of 3rd period - Slapshot by Brendon Nash.
10:05 of 3rd period - Shot Misses the Net.
10:23 of 3rd period - Slapshot by Ryan Bayda.
10:23 of 3rd period - Shot Hit the Post.
10:25 of 3rd period - Snap shot by Darren Helm.
10:25 of 3rd period - Shot Misses the Net.
10:27 of 3rd period - Snap shot by Brendon Nash.
10:27 of 3rd period - Shot Blocked by Ian Cole.
10:29 of 3rd period - Snap shot by Brendon Nash.
10:29 of 3rd period - Shot Blocked by Ian Cole.
10:31 of 3rd period - Slapshot by Darren Helm.
10:31 of 3rd period - Deflect By Ryan Bayda.
10:31 of 3rd period - Shot Blocked by Curtis Glencross.
10:31 of 3rd period - Puck is out of play.
10:32 of 3rd period - Michael Chaput wins face-off versus Nicolas Blanchard in Ice Dragons zone.
11:25 of 3rd period - Penalty to Michael Latta is over, Michael Latta is back on ice.
12:15 of 3rd period - Wrist shot by Erik Condra.
12:15 of 3rd period - Stopped by Anders Nilsson with a rebound.
13:10 of 3rd period - Wrist shot by Erik Condra.
13:10 of 3rd period - Stopped by Anders Nilsson without a rebound.
13:11 of 3rd period - Brandon McMillan wins face-off versus Andrej Nestrasil in Ice Dragons zone.
13:15 of 3rd period - Icing by Brandon Kozun.
13:16 of 3rd period - Andrej Nestrasil wins face-off versus Brandon McMillan in Ice Dragons zone.
13:30 of 3rd period - Slapshot by Brandon Kozun.
13:30 of 3rd period - Shot Misses the Net.
13:32 of 3rd period - Snap shot by Brandon Kozun.
13:32 of 3rd period - Stopped by Olivier Roy with a rebound.
13:34 of 3rd period - Snap shot by Logan MacMillan.
13:34 of 3rd period - Stopped by Olivier Roy without a rebound.
13:35 of 3rd period - Darren Helm wins face-off versus Michael Latta in Demolitions zone.
13:58 of 3rd period - Nicolas Blanchard is hit by Tyler Haskins and loses puck.
14:05 of 3rd period - Slapshot by Brendon Nash.
14:05 of 3rd period - Stopped by Anders Nilsson with a rebound.
14:07 of 3rd period - Snap shot by Bobby Butler.
14:07 of 3rd period - Shot Blocked by Ryan Reaves.
14:17 of 3rd period - Wrist shot by Logan MacMillan.
14:17 of 3rd period - Stopped by Olivier Roy with a rebound.
14:19 of 3rd period - Slapshot by Joe Callahan.
14:19 of 3rd period - Stopped by Olivier Roy with a rebound.
14:21 of 3rd period - Slapshot by Ian Cole.
14:21 of 3rd period - Deflect By Brandon Kozun.
14:21 of 3rd period - Stopped by Olivier Roy with a rebound.
14:23 of 3rd period - Snap shot by Brandon Kozun.
14:23 of 3rd period - Shot Misses the Net.
14:25 of 3rd period - Snap shot by Andrej Nestrasil.
14:25 of 3rd period - Shot Misses the Net.
14:39 of 3rd period - Snap shot by Ryan Bayda.
14:39 of 3rd period - Shot Misses the Net.
14:45 of 3rd period - Ryan Bayda is hit by Justin Faulk and loses puck.
15:33 of 3rd period - Minor Penalty to Logan MacMillan for Holding.
15:34 of 3rd period - Darren Helm wins face-off versus Curtis Glencross in Ice Dragons zone.
15:40 of 3rd period - Slapshot by Darren Helm.
15:40 of 3rd period - Shot Blocked by Ian Cole.
15:42 of 3rd period - Wrist shot by Darren Helm.
15:42 of 3rd period - Shot Blocked by Joe Callahan.
15:44 of 3rd period - Slapshot by Mike Sauer.
15:44 of 3rd period - Deflect By Ryan Russell.
15:44 of 3rd period - Shot Misses the Net.
15:44 of 3rd period - Puck is out of play.
15:45 of 3rd period - Curtis Glencross wins face-off versus Darren Helm in Ice Dragons zone.
16:12 of 3rd period - Ian Cole is hit by Erik Condra and loses puck.
16:47 of 3rd period - Nicolas Blanchard is hit by Michael Latta.
17:33 of 3rd period - Penalty to Logan MacMillan is over, Logan MacMillan is back on ice.
17:40 of 3rd period - Backhand shot by Joe Callahan.
17:40 of 3rd period - Deflect By Andrej Nestrasil.
17:40 of 3rd period - Stopped by Olivier Roy with a rebound.
17:42 of 3rd period - Minor Penalty to Brendon Nash for Hooking.
17:43 of 3rd period - Michael Latta wins face-off versus Alex Hutchings in Demolitions zone.
17:46 of 3rd period - Snap shot by Michael Latta.
17:46 of 3rd period - Stopped by Olivier Roy with a rebound.
17:48 of 3rd period - Wrist shot by Curtis Glencross.
17:48 of 3rd period - Deflect By Michael Latta.
17:48 of 3rd period - Shot Misses the Net.
17:48 of 3rd period - Puck is out of play.
17:49 of 3rd period - Alex Hutchings wins face-off versus Michael Latta in Demolitions zone.
18:02 of 3rd period - Andrew Campbell is hit by Justin Faulk and loses puck.
18:44 of 3rd period - Taylor Aronson is hit by Troy Brouwer and loses puck.
19:42 of 3rd period - Penalty to Brendon Nash is over, Brendon Nash is back on ice.
19:51 of 3rd period - Off-side.
19:52 of 3rd period - Darren Helm wins face-off versus Andrej Nestrasil in neutral zone.
Goals for this period are 0 for Ice Dragons vs 3 for Demolitions.
Shots for this period are 9 for Ice Dragons vs 13 for Demolitions.

Overtime #1


0:01 of 1st overtime period - Ryan Russell wins face-off versus Curtis Glencross in neutral zone.
0:26 of 1st overtime period - Ian Cole is hit by Ryan Bayda.
1:09 of 1st overtime period - Slapshot by Kevin Connauton.
1:09 of 1st overtime period - Deflect By Andrej Nestrasil.
1:09 of 1st overtime period - Shot Blocked by Seth Helgeson.
1:09 of 1st overtime period - Puck is out of play.
1:10 of 1st overtime period - Corban Knight wins face-off versus Andrej Nestrasil in Demolitions zone.
1:19 of 1st overtime period - Andrej Nestrasil is hit by Corban Knight and loses puck.
2:04 of 1st overtime period - Snap shot by Michael Latta.
2:04 of 1st overtime period - Stopped by Olivier Roy with a rebound.
2:50 of 1st overtime period - Ryan Russell is hit by Michael Chaput and loses puck.
3:00 of 1st overtime period - Icing by Joe Callahan.
3:01 of 1st overtime period - Josh Beaulieu wins face-off versus Andrej Nestrasil in Ice Dragons zone.
3:43 of 1st overtime period - Josh Beaulieu is hit by Andrej Nestrasil and loses puck.
4:38 of 1st overtime period - Justin Faulk is hit by Darren Helm and loses puck.
4:45 of 1st overtime period - Josh Beaulieu is hit by Petr Vrana and loses puck.
Goals for this period are 0 for Ice Dragons vs 0 for Demolitions.
Shots for this period are 1 for Ice Dragons vs 0 for Demolitions.

ShootOut


5:00 of 1st overtime period - Penalty Shot by Curtis Glencross for Ice Dragons.
5:00 of 1st overtime period - Wrist shot by Curtis Glencross.
5:00 of 1st overtime period - Goal by Curtis Glencross.
5:00 of 1st overtime period - Penalty Shot by Darren Helm for Demolitions.
5:00 of 1st overtime period - Backhand shot by Darren Helm.
5:00 of 1st overtime period - Stopped by Anders Nilsson.
5:00 of 1st overtime period - Penalty Shot by Troy Brouwer for Ice Dragons.
5:00 of 1st overtime period - Deke by Troy Brouwer.
5:00 of 1st overtime period - Stopped by Olivier Roy.
5:00 of 1st overtime period - Penalty Shot by Ryan Bayda for Demolitions.
5:00 of 1st overtime period - Backhand shot by Ryan Bayda.
5:00 of 1st overtime period - Stopped by Anders Nilsson.
5:00 of 1st overtime period - Penalty Shot by Michael Latta for Ice Dragons.
5:00 of 1st overtime period - Backhand shot by Michael Latta.
5:00 of 1st overtime period - Goal by Michael Latta.